 Dungeon Crawl Stone Soup version 0.30.1-4-g462c640d31 (webtiles) character file.

Game seed: 16775728489221427213

376 arthad the Shield-Bearer (level 7, -5/55 HPs)
             Began as a Formicid Fighter on Aug 14, 2023.
             Slain by Menkaure (10 damage)
             ... on level 4 of the Dungeon.
             The game lasted 00:03:15 (2050 turns).

arthad the Shield-Bearer (Formicid Fighter)         Turns: 2050, Time: 00:03:16

Health: -5/55      AC:  7    Str: 23    XL:     7   Next: 3%
Magic:  7/7        EV: 10    Int:  7    God:
Gold:   151        SH:  9    Dex: 13    Spells: 6/6 levels left

rFire   . . .        a - +0 war axe
rCold   x . .        c - +0 buckler
rNeg    . . .        b - +0 scale mail
rPois   .            (helmet unavailable)
rElec   .            (no cloak)
rCorr   .            (no gloves)
SInv    +            (no boots)
Will    .....        (no amulet) Stlth
                     (no ring)
HPRegen 0.29/turn    (no ring)
MPRegen 0.10/turn

%: no passive effects
@: mighty
A: permanent stasis, dig shafts and tunnels, antennae 3, four strong arms, large
bone plates 1, cold vulnerability 1, sturdy frame 1, devolution 1
a: Dig, Shaft Self


You were on level 4 of the Dungeon.
You visited 1 branch of the dungeon, and saw 4 of its levels.

You collected 151 gold pieces.

Inventory:

Hand Weapons
 a - a +0 war axe (weapon)
Missiles
 p - 7 poisoned darts
Armour
 b - a +0 scale mail (worn)
 c - a +0 buckler (worn)
Scrolls
 e - 2 scrolls of enchant armour {unknown}
 i - a scroll of silence {unknown}
 k - a scroll of blinking {unknown}
 l - a scroll of identify {unknown}
 m - a scroll of fog {unknown}
Potions
 g - a potion of lignification {unknown}
 h - a potion of curing {unknown}
 j - a potion of haste {unknown}
 n - a potion of heal wounds {unknown}
 o - a potion of brilliance {unknown}


   Skills:
 * Level 4.7 Fighting
 * Level 3.6 Axes
 * Level 4.7 Armour
 + Level 1.7 Dodging
 * Level 5.8 Shields


You had 6 spell levels left.
You didn't know any spells.
Your spell library contained the following spells:

 Spells                   Type           Power      Damage    Failure   Level
 Ensorcelled Hibernation  Hex/Ice        0%         N/A       83%         2
 Spider Form              Tmut/Pois      0%         N/A       96%         3
 Anguish                  Hex/Necr       0%         N/A       100%        4


Dungeon Overview and Level Annotations

Branches:
Dungeon (4/15)
 Temple: D:4-7

Altars:
Zin

Annotations:
D:4 Menkaure


Innate Abilities, Weirdness & Mutations

You cannot be hasted, slowed, berserked, paralysed or teleported.
You can dig through walls and to a lower floor.
You have a pair of large antennae on your head. (SInv)
Your four strong arms can wield two-handed weapons with a shield.
You are partially covered in large bone plates. (SH +4)
You are vulnerable to cold. (rC-)
Your movements are slightly less encumbered by armour. (ER -2)
You have hidden genetic defects.


Message History

You sense a monster nearby.
Menkaure, Prince of Dust comes into view.
Menkaure shouts!
Menkaure calls on the powers of darkness!
Your body is wracked with pain!
It was a potion of mutation.
You feel extremely strange.
You feel vulnerable to cold.
Large bone plates grow over parts of your arms.
You feel a hidden malignance growing inside you.
You feel less encumbered by your armour.
Menkaure casts a spell.
Menkaure seems to speed up.
You feel very mighty all of a sudden.
You hit Menkaure.
Menkaure is lightly damaged.
You block Menkaure's attack. Menkaure hits you.
You hit Menkaure.
Menkaure is moderately damaged.
Menkaure grins.
Menkaure hits you but does no damage.
You slash Menkaure!
Menkaure is severely damaged.
Menkaure sighs, "It doesn't hurt if you pull your brain out of your nose yourself."
Menkaure hits you!!
* * * LOW HITPOINT WARNING * * *
Menkaure breathes soot at you. Menkaure hits you but does no damage.
You barely miss Menkaure.
Menkaure is severely damaged.
You block Menkaure's attack. x2
You barely miss Menkaure.
Menkaure is severely damaged.
You block Menkaure's attack.
You hit Menkaure.
Menkaure is almost destroyed.
Menkaure calls on the powers of darkness!
Your body is wracked with pain!
* * * LOW HITPOINT WARNING * * *
Menkaure hits you!
You die...

.......##...# #
#..#.###..# #
#.....##..###
##..#...#....# ###
#...##..#.)... #...
##...##........
#...####....###.......
#..M.#.....##........
#.@...#..<.........
#...#.###............
##..### .............
#.. ......#...... ...
.....##...... ...#
.##.# .... ⌠.⌠..


You could see Menkaure (fast).

Vanquished Creatures
  Sigmund (D:2)
  A bullfrog (D:3)
  A jelly (D:4)
  A hound (D:3)
  3 adders
  An orc (D:3)
  7 endoplasms
  5 giant cockroaches
  3 goblins
  8 hobgoblins
  2 jackals (D:2)
  5 kobolds
  2 quokkas (D:2)
  5 ball pythons
  5 bats
  A frilled lizard (D:2)
  12 rats
63 creatures vanquished.

Notes
Turn   | Place    | Note
-------+----------+-------------------------------------------
     0 | D:1      | arthad the Formicid Fighter began the quest for the Orb.
     0 | D:1      | Reached XP level 1. HP: 18/18 MP: 1/1
   140 | D:1      | Reached XP level 2. HP: 23/24 MP: 2/2
   518 | D:1      | Reached XP level 3. HP: 26/29 MP: 3/3
   722 | D:2      | Found a glowing silver altar of Zin.
   880 | D:2      | Noticed Sigmund
   888 | D:2      | Killed Sigmund
   889 | D:2      | Reached skill level 1 in Dodging
   889 | D:2      | Reached skill level 5 in Shields
   889 | D:2      | Reached XP level 4. HP: 38/38 MP: 4/4
   889 | D:2      | Reached XP level 5. HP: 43/43 MP: 5/5
   889 | D:2      | Reached XP level 6. HP: 49/49 MP: 6/6
  1402 | D:3      | Found a faded altar of an unknown god.
  1908 | D:4      | Reached XP level 7. HP: 35/55 MP: 7/7
  2041 | D:4      | Noticed Menkaure
  2043 | D:4      | Gained mutation: You are vulnerable to cold. (rC-) [potion
                  | of mutation]
  2043 | D:4      | Gained mutation: You are partially covered in large bone
                  | plates. (SH +4) [potion of mutation]
  2043 | D:4      | Gained mutation: You have hidden genetic defects. [potion
                  | of mutation]
  2043 | D:4      | Gained mutation: Your movements are slightly less
                  | encumbered by armour. (ER -2) [potion of mutation]
  2050 | D:4      | Slain by Menkaure

Illustrated notes

Levels and vault maps discovered:
D:1:      lightli_arrival_flooded_house, layout_basic, minmay_rat_gold_closets
D:2:      layout_loops_ring, basic_altar, amethyst_killhole, uniq_sigmund
D:3:      layout_rooms, basic_ecumenical_altar
D:4:      layout_cave_pools, nicolae_shop_vocational, uniq_grinder,
          uniq_menkaure, uniq_duvessa

Skill      XL: |  1  2  3 |
---------------+----------+-----
Fighting       | 4 |  4.7
Axes           | 3 |  3.6
Armour         | 4 |  4.7
Dodging        | 1 |  1.7
Shields        | 5 |  5.8

Action                     |  1- 3 |  4- 6 |  7- 9 || total
---------------------------+-------+-------+-------++-------
  Melee: War axe           |   100 |    66 |    11 ||   177
    Use: Potion            |       |       |     2 ||     2
 Armour: Scale mail        |    49 |    22 |     2 ||    73
  Dodge: Dodged            |    56 |    40 |     2 ||    98
  Block: Buckler           |    24 |    19 |     5 ||    48
